 Dungeon Crawl Stone Soup version 0.32-a0-834-geaf45d8e21 (webtiles) character file.

Game seed: 7602652264387012376

13412 Shayle the Fighter (level 12, -4/98 HPs)
             Began as a Coglin Alchemist on Mar 25, 2024.
             Was a Believer of Beogh.
             Slain by a meliai
             ... wielding a +0 broad axe
              (6 damage)
             ... on level 9 of the Dungeon.
             The game lasted 01:16:19 (17945 turns).

Shayle the Fighter (Coglin Alchemist)              Turns: 17945, Time: 01:16:19

Health: -4/98      AC: 12    Str:  8    XL:     12   Next: 5%
Magic:  11/18      EV: 10    Int: 16    God:    Beogh [**....]
Gold:   644        SH:  0    Dex: 19    Spells: 10/14 levels left

rFire   . . .        e - +1 sling {Tiedemann}
rCold   . . .        h - +0 sling {Li}
rNeg    . . .        c - +0 swamp dragon scales
rPois   +            D - +1 helmet
rElec   .            k - +2 cloak
rCorr   .            (no gloves)
SInv    .            (no boots)
Will    .....        (amulet unavailable)
Stlth   +            (ring unavailable)
HPRegen 0.36/turn    (ring unavailable)
MPRegen 0.16/turn    (no gizmo)

%: no passive effects
@: revving
A: off-hand wielding, slow wielding, warmup strikes, no jewellery
a: Invent Gizmo, Renounce Religion, Smiting


You were on level 9 of the Dungeon.
You worshipped Beogh.
Beogh was pleased with you.
You visited 3 branches of the dungeon, and saw 14 of its levels.

You collected 644 gold pieces.

Inventory:

Hand Weapons
 e - a +1 sling (weapon) {Tiedemann}
 g - a +2 spear of venom
 h - a +0 sling (offhand) {Li}
 w - a +2 short sword of speed
Missiles
 l - 3 throwing nets
Armour
 c - +0 swamp dragon scales (worn)
 k - a +2 cloak (worn)
 u - a +1 robe of willpower
 x - a +3 leather armour of fire resistance
 D - a +1 helmet (worn)
 E - a +2 chain mail of cold resistance
Magical Staves
 m - a staff of death
Talismans
 a - a granite talisman
Wands
 y - a wand of flame (22)
 B - a wand of charming (2)
 C - a wand of quicksilver (1)
Scrolls
 f - a scroll of fog
 n - 5 scrolls of teleportation
 r - a scroll of poison
 v - 2 scrolls of silence
 A - 5 scrolls of blinking
 F - a scroll of fear
 G - a scroll of identify
Potions
 b - 2 potions of magic
 d - a potion of resistance
 i - a potion of might
 j - a potion of curing
 o - a potion of enlightenment
 p - a potion of berserk rage
 q - a potion of haste
 s - 2 potions of mutation
 t - 3 potions of attraction
 z - 2 potions of invisibility


   Skills:
 - Level 10.5 Fighting
 + Level 10.3 Ranged Weapons
 + Level 4.0 Dodging
 - Level 1.5 Stealth
 - Level 1.7 Spellcasting
 - Level 0.8 Conjurations
 - Level 3.2 Alchemy
 + Level 9.0 Invocations


You had 10 spell levels left.
You knew the following spells:

 Your Spells              Type           Power      Damage    Failure   Level
a - Sting                 Conj/Alch      32%        1d5       28%         1
b - Mephitic Cloud        Conj/Alch/Air  5%         N/A       75%         3

Your spell library contained the following spells:

 Spells                   Type           Power      Damage    Failure   Level
 Mercury Vapours          Alch/Air       12%        N/A       45%         2
 Shock                    Conj/Air       8%         1d3       50%         1
 Apportation              Tloc           2%         N/A       54%         1
 Freeze                   Ice            4%         1d3       54%         1
 Necrotise                Necr           4%         1d4       54%         1
 Summon Small Mammal      Summ           4%         N/A       54%         1
 Cigotuvi's Dreadful Rot  Necr/Alch/Air  8%         N/A       54%         2
 Ensorcelled Hibernation  Hex/Ice        2%         N/A       69%         2
 Jinxbite                 Hex            2%         N/A       69%         2
 Sublimation of Blood     Necr           1%         N/A       69%         2
 Hailstorm                Conj/Ice       2%         3d5       86%         3
 Stone Arrow              Conj/Erth      4%         3d7       86%         3
 Olgreb's Toxic Radiance  Alch           11%        N/A       86%         4
 Frozen Ramparts          Ice            2%         1d1       89%         3
 Passwall                 Erth           1%         N/A       89%         3
 Sigil of Binding         Hex            1%         N/A       89%         3
 Swiftness                Air            1%         N/A       89%         3
 Tukima's Dance           Hex            1%         N/A       89%         3
 Volatile Blastmotes      Fire/Tloc      2%         2d10      89%         3
 Ignite Poison            Fire/Alch      6%         N/A       97%         4
 Petrify                  Alch/Erth      6%         N/A       97%         4
 Sticky Flame             Fire/Alch      6%         2d4       97%         4
 Iskenderun's Mystic Bla  Conj/Tloc      2%         2d3       99%         4
 Airstrike                Air            0%         2d(1-17)  100%        4
 Animate Armour           Summ/Erth      2%         N/A       100%        4
 Dimensional Bullseye     Hex/Tloc       0%         N/A       100%        4
 Freezing Cloud           Conj/Ice/Air   1%         6-21      100%        5
 Irradiate                Conj/Alch      4%         3d13      100%        5
 Silence                  Hex/Air        0%         N/A       100%        5
 Bombard                  Conj/Erth      1%         9d1       100%        6
 Death Channel            Necr           0%         N/A       100%        6
 Sculpt Simulacrum        Ice/Alch       3%         N/A       100%        6
 Haunt                    Necr/Summ      0%         N/A       100%        7
 Ignition                 Fire           0%         3d3       100%        8
 Lehudib's Crystal Spear  Conj/Erth      1%         10d2      100%        8


Dungeon Overview and Level Annotations

Branches:
Dungeon (11/15)            Temple (1/1) D:6            Lair (2/5) D:9
    Orc (0/2) D:9
  Swamp: Lair:2-3    Shoals: Lair:2-3     Snake: Lair:2-3    Spider: Lair:2-3

Altars:
Ashenzari
Cheibriados
Dithmenos
Elyvilon
Fedhas
Gozag
Hepliaklqana
Kikubaaqudgha
Makhleb
Nemelex Xobeh
Okawaru
Qazlal
Ru
Sif Muna
Trog
Uskayaw
Vehumet
Wu Jian
Xom
Yredelemnul
Zin
The Shining One

Shops:
D:9 (

Annotations:
D:3 2 transporters, warriortoast's ghost, amateur OpSh
D:5 3 runed translucent doors, pokeman's ghost, novice DEHW
D:6 3 runed translucent doors, Pokonic1's ghost, novice OnWr
D:8 Grum
Temple 4 transporters


Innate Abilities, Weirdness & Mutations

Your facial features are unmistakably orcish.
You can wield a second weapon in your off-hand.
It takes a long time for you to wield or remove held weapons.
Your first few attacks do less damage.
You cannot equip rings or amulets.


Message History

Press: ? - help, Q - select action, (/) - cycle Shift-Dir - straight line, f/p - cyclops
Aim: a cyclops, quivering large rocks (noxious fumes, almost dead, confused, 94% to hit)
You shoot a sling bullet. The sling bullet hits the cyclops!
You kill the cyclops!
Beogh accepts your kill.
You shoot a sling bullet.
Your Dodging skill increases to level 4!
Your Invocations skill increases to level 9!
You start resting.
Your magical contamination has completely faded away.
You start resting.
A meliai comes into view. It is wielding a +0 broad axe.
Okay, then.
The meliai buzzes angrily.
There are no items here.
Casting: Mephitic Cloud (dangerous; 75% risk of failure)
Confirm with . or Enter, or press ? or * to list all spells.
Aiming: Mephitic Cloud (dangerous; 75% risk of failure)
Press: ? - help, Shift-Dir - straight line, f - meliai
Aim: a meliai, wielding a +0 broad axe and wearing a +0 leather armour (chance to affect: 67%)
The ball explodes into a vile cloud!
The stinking cloud engulfs the meliai.
You hear a shout!
The meliai is engulfed in noxious fumes.
The meliai appears confused.
The meliai is engulfed in noxious fumes.
The meliai appears confused.
The meliai barely misses you. The meliai stings you.
* * * LOW HITPOINT WARNING * * *
You shoot a sling bullet.
The sling bullet hits the meliai but does no damage.
You shoot a sling bullet.
The sling bullet hits the meliai but does no damage.
The meliai misses you. The meliai stings you.
* * * LOW HITPOINT WARNING * * *
The meliai hits you with a +0 broad axe!!
* * * LOW HITPOINT WARNING * * *
The meliai stings you but does no damage.
An orc priest comes into view. It is wielding a +0 mace.
The meliai hits you with a +0 broad axe.
You die...

|...####### .~. #... ......# #o#
#... ..##### ##### #.## #... ..#
#.~.# .~. #... #.# # ##.#####§# #
#... #.# #.##.##.##§##(# #... #.#
#~..~..~..§..~# ### #... #.#
#.##.##.##y##.# #.# #.## #.# #
##.#####@## #.# #.# #.#
#.÷.##..~.# ##.# #.## ..#
##)######## ##..# #...
..########'##########...# #...
........................# #..#
.(.###....##'######.>...# #..#
..................#.....# #..#
..................#.....######..#
..................#.....#........


You could see a meliai (confused) and an orc priest (wandering).

Vanquished Creatures
  3 centaur warriors
  A two-headed ogre (D:10)
  A boulder beetle (D:11)
  A tengu warrior (D:9)
  A cyclops (D:9)
  Maggie (D:8)
  A cane toad (Lair:1)
  Jeremiah (D:8)
  A rime drake (Lair:1)
  A komodo dragon (D:11)
  A kobold demonologist (D:11)
  3 trolls
  Prince Ribbit (D:8)
  Sigmund (D:6)
  A shadow (D:8)
  9 yaks
  A wraith (D:9)
  2 wyverns
  2 basilisks (Lair:1)
  2 steam dragons
  A vampire mosquito (D:9)
  4 water moccasins
  2 acid dragons (D:9)
  A black bear (D:5)
  2 sky beasts
  2 ogres
  9 wolves
  8 centaurs
  A phantom (D:6)
  4 kobold brigands
  6 bullfrogs
  A gnoll sergeant (D:9)
  A scorpion (D:6)
  4 wights
  5 howler monkeys
  A bombardier beetle (D:5)
  A hound (D:7)
  A jelly (D:6)
  2 orc priests
  2 iguanas (D:5)
  3 gnoll boudas
  8 orc wizards
  20 gnolls
  5 adders
  A white imp (D:5)
  2 ufetubi (D:6)
  2 dart slugs
  2 ribbon worms (D:2)
  21 orcs
  9 ball pythons
  4 bats
  7 endoplasms
  6 giant cockroaches
  5 goblins
  13 hobgoblins
  3 jackals (D:1)
  4 frilled lizards
  14 kobolds
  5 rats
227 creatures vanquished.

Vanquished Creatures (others)
  3 orcs
  A giant cockroach (D:3)
  2 kobolds (D:3)
  A rat (D:3)
7 creatures vanquished.

Grand Total: 234 creatures vanquished

Notes
Turn   | Place    | Note
-------+----------+-------------------------------------------
     0 | D:1      | Shayle the Coglin Alchemist began the quest for the Orb.
     0 | D:1      | Reached XP level 1. HP: 13/13 MP: 3/3
   359 | D:1      | Reached skill level 1 in Fighting
   359 | D:1      | Reached XP level 2. HP: 21/21 MP: 1/4
   410 | D:1      | Reached skill level 1 in Ranged Weapons
   979 | D:2      | Reached XP level 3. HP: 24/27 MP: 1/5
  1452 | D:2      | Reached XP level 4. HP: 34/34 MP: 6/6
  1816 | D:2      | Found a shimmering blue altar of Sif Muna.
  2346 | D:3      | Found a shimmering altar of Xom.
  2515 | D:3      | Reached XP level 5. HP: 38/41 MP: 7/7
  2607 | D:3      | Found a transporter.
  2609 | D:3      | Found a transporter.
  2610 | D:3      | Noticed warriortoast's ghost (amateur OpSh)
  2623 | D:3      | Noticed an ogre
  3499 | D:4      | Became a worshipper of Beogh the Shepherd
  4515 | D:4      | Noticed an ogre
  4572 | D:4      | Learned a level 3 spell: Mephitic Cloud
  4589 | D:4      | Killed an ogre
  4590 | D:4      | Reached skill level 1 in Invocations
  4590 | D:4      | Reached XP level 6. HP: 48/48 MP: 1/8
  4671 | D:5      | Entered Level 5 of the Dungeon
  5010 | D:5      | Reached XP level 7. HP: 55/55 MP: 2/9
  5499 | D:5      | Reached * piety under Beogh
  5502 | D:5      | Found a runed translucent gate.
  5502 | D:5      | Found a runed translucent gate.
  5502 | D:5      | Found a runed translucent gate.
  5502 | D:5      | Noticed pokeman's ghost (novice DEHW)
  5840 | D:5      | Reached skill level 5 in Fighting
  6432 | D:6      | Found an ancient bone altar of Kikubaaqudgha.
  6432 | D:6      | Found an opulent altar of Gozag.
  6583 | D:6      | Reached XP level 8. HP: 62/62 MP: 10/10
  6653 | D:6      | Noticed Sigmund
  6667 | D:6      | Killed Sigmund
  6668 | D:6      | Reached skill level 5 in Ranged Weapons
  6747 | D:6      | Found a staircase to the Ecumenical Temple.
  7013 | Temple   | Found a transporter.
  7013 | Temple   | Found a transporter.
  7013 | Temple   | Found a transporter.
  7013 | Temple   | Found a transporter.
  7013 | Temple   | Entered the Ecumenical Temple
  7041 | D:6      | Identified the +3 rapier "Edeusaal" {freeze, rElec SInv}
  7087 | D:6      | Found a runed translucent gate.
  7088 | D:6      | Found a runed translucent gate.
  7088 | D:6      | Noticed Pokonic1's ghost (novice OnWr)
  7089 | D:6      | Found a runed translucent gate.
  8122 | D:7      | Reached XP level 9. HP: 62/71 MP: 12/12
  8305 | D:8      | Noticed Prince Ribbit
  8353 | D:8      | Killed Prince Ribbit
  8408 | D:8      | HP: 5/106 [something (17)]
  8654 | D:8      | Reached skill level 5 in Invocations
  8718 | D:8      | Noticed Jeremiah
  9118 | D:9      | Found a staircase to the Orcish Mines.
  9629 | D:8      | Noticed Grum
  9852 | D:8      | Noticed Maggie
  9883 | D:8      | Killed Maggie
 10529 | D:9      | Reached XP level 10. HP: 79/80 MP: 14/14
 10657 | D:9      | Found Ifitesk's Weapon Shoppe.
 11262 | D:9      | Reached ** piety under Beogh
 11480 | D:10     | Entered Level 10 of the Dungeon
 11579 | D:10     | Noticed a centaur warrior
 11763 | D:8      | Got Wuxaep Qeyx's Guidebook on Interference and the Boggart
 12075 | D:9      | Noticed a cyclops
 12230 | D:8      | Killed Jeremiah
 12729 | D:10     | Killed a centaur warrior
 13113 | D:10     | Noticed a two-headed ogre
 13128 | D:10     | Killed a two-headed ogre
 13129 | D:10     | Reached XP level 11. HP: 61/90 MP: 4/16
 14250 | D:10     | Reached skill level 10 in Fighting
 14355 | D:11     | Noticed a boulder beetle
 14388 | D:11     | Killed a boulder beetle
 14664 | D:11     | Noticed a centaur warrior
 14691 | D:11     | Killed a centaur warrior
 15495 | D:9      | Noticed a tengu warrior
 15926 | D:9      | Found a staircase to the Lair.
 15963 | D:9      | Killed a tengu warrior
 16060 | Lair:1   | Entered Level 1 of the Lair of Beasts
 17008 | Lair:1   | Reached skill level 10 in Ranged Weapons
 17601 | D:9      | Noticed a centaur warrior
 17626 | D:9      | Killed a centaur warrior
 17627 | D:9      | Reached XP level 12. HP: 23/98 MP: 4/18
 17945 | D:9      | HP: 2/98 [meliai/+0 broad axe (19)]
 17945 | D:9      | Slain by a meliai

Illustrated notes

Levels and vault maps discovered:
D:1:      spicycebolla_arrival_ecumenical, layout_basic
D:2:      layout_loops_corners, basic_altar, kennysheep_nondescript,
          grunt_ministairs_2, minmay_goblin_kobold_house
D:3:      layout_loops_ring, xom_confusion_cloud, gammafunk_ghost_smash,
          kennysheep_generic_room_4
D:4:      layout_loops_cross
D:5:      layout_basic, serial_curves, eino_curves_02, eino_curves_04,
          eino_curves_01, eino_curves_01, ebering_ghost_rock_garden,
          nrook_mini_backslash, nrook_pool_corridor
D:6:      layout_loops_ring, nicolae_overflow_two_pavilions, temple_fountains,
          serial_glass, glass_columns_c, glass_columns_a,
          gammafunk_ghost_nasty_kobolds, corner_web_ring, roderic_lattice_a,
          uniq_sigmund
D:7:      layout_loops_ring
D:8:      layout_gridville, uniq_maggie, uniq_grum, uniq_jeremiah,
          uniq_prince_ribbit1
D:9:      hangedman_cross_veins, layout_stronghold, lair_entry_dummy,
          orc_0_dummy, serial_shops, shop
D:10:     layout_grid_maze
D:11:     layout_irregular_city
Temple:   hellmonk_temple_divided_pantheon
Lair:1:   layout_loops_ring, serial_rivers, chequers_serial_rivers_large_b,
          chequers_serial_rivers_micro_e, chequers_serial_rivers_large_a,
          chequers_serial_rivers_micro_c, st_stairs_7
Lair:2:   layout_loops_ring, elwin_shoals_entry_rooms,
          eino_small_chamber_without_monster

Skill      XL: |  1  2  3  4  5  6  7  8  9 10 11 12 |
---------------+-------------------------------------+-----
Fighting       | 1 2 3 4 5 6 8 9 10 | 10.5
Ranged Weapons | 1 2 3 4 5 7 8 10 | 10.3
Invocations    | 1 2 3 4 6 7 8 9 |  9.0
Dodging        | 3 4 |  4.0
Stealth        | |  1.5
Spellcasting   | |  1.7
Conjurations   | |  0.8
Alchemy        | |  3.2

Action                     |  1- 3 |  4- 6 |  7- 9 | 10-12 || total
---------------------------+-------+-------+-------+-------++-------
  Melee: Spear             |    67 |    69 |       |       ||   136
         Dagger            |    60 |    63 |       |       ||   123
         Sling             |       |       |       |     2 ||     2
   Fire: Sling             |       |   248 |   672 |  1036 ||  1956
   Cast: Sting             |    27 |    13 |     7 |    20 ||    67
         Mephitic Cloud    |       |     3 |     5 |    33 ||    41
 Invoke: Convert to Beogh  |       |     1 |       |       ||     1
         Smiting           |       |       |       |     3 ||     3
  Evoke: Wand              |       |     1 |     8 |     9 ||    18
    Use: Scroll            |       |    10 |     9 |    11 ||    30
         Potion            |       |     6 |     4 |     5 ||    15
   Stab: Sleeping          |     5 |     2 |       |       ||     7
 Armour: Robe              |    38 |   105 |     7 |       ||   150
         Skin              |       |    27 |     8 |       ||    35
         Leather armour    |       |       |   224 |   165 ||   389
         Swamp dragon scal |       |       |       |   182 ||   182
         Chain mail        |       |       |       |    20 ||    20
  Dodge: Dodged            |    55 |    76 |   159 |   192 ||   482

Table legend: (Time is in decaauts)
 A = Elapsed time spent in this place.
 B = Non-inter-level travel time spent in this place.
 C = Inter-level travel time spent in this place.
 D = Time resting spent in this place.
 E = Time spent auto-exploring this place.
 F = Levels seen in this place.
 G = Mean time per level.
                   A        B        C        D        E       F      G
               +--------+--------+--------+--------+--------+-----+--------+
         Total |  18138 |  17392 |    746 |   5706 |   6712 |  14 | 1295.6 |
       Dungeon |  16866 |  16166 |    700 |   5230 |   6421 |  11 | 1533.3 |
        Temple |     19 |     19 |      0 |      0 |      0 |   1 |   19.0 |
          Lair |   1252 |   1206 |     46 |    476 |    291 |   2 |  626.0 |
               +--------+--------+--------+--------+--------+-----+--------+

Top non-repeatable levels by time:
     D:9: 3064 daAuts
     D:8: 2101 daAuts
     D:5: 1821 daAuts
    D:10: 1669 daAuts
     D:3: 1657 daAuts
     D:2: 1238 daAuts
  Lair:1: 1223 daAuts
     D:6: 1198 daAuts
    D:11: 1195 daAuts
     D:4: 1029 daAuts
     D:7: 1000 daAuts
     D:1: 889 daAuts
  Lair:2: 28 daAuts
  Temple: 19 daAuts
